Map: Newkirk Precinct TE (Void)

Players

LiquidSnute (Snute) - Winner!

  • Race: Zerg Zerg
  • League: Grandmaster
  • Spawn Location: 5:00

IIIIIIIIIIl (Kas)

  • Race: Terran Terran
  • League: Grandmaster
  • Spawn Location: 7:00

Event: NationWars IV

VOD

Have the link to the VOD?

Description

Time

  • Played on: Dec. 22, 2016, 4:21 p.m.
  • Length: 17:37
Show
View Real Time Build Order
Export as new Build Order

LiquidSnute Zerg - Winner!

Build Orders: Hatch First 

Get SALT Encoding   

  12  0:00  Drone  
  13  0:12  Overlord  
  13  0:17  Drone  
  14  0:31  Drone x2  
  14  0:34  Drone  
  17  0:53  Hatchery  
  17  0:55  Drone  
  17  0:59  Drone  
  17  1:00  Extractor  
  17  1:14  Spawning Pool  
  17  1:18  Drone  
  17  1:21  Drone  
  18  1:28  Drone  
  19  1:38  Overlord  
  19  1:49  Drone  
  20  2:00  Queen  
  20  2:01  Zergling x2, Metabolic Boost  
  23  2:05  Queen  
  25  2:09  Zergling x2  
  25  2:13  Zergling x2  
  27  2:17  Drone  
  28  2:23  Drone  
  28  2:27  Drone  
  30  2:35  Drone  
  31  2:39  Queen  
  31  2:41  Drone  
  33  2:45  Overlord  
  33  2:48  Zergling x2  
  34  2:56  Zergling x2  
  35  3:04  Drone x2  
  37  3:10  Drone x2  
  37  3:11  Drone x2  
  41  3:13  Drone  
  42  3:22  Overlord  
  42  3:23  Drone x2  
  43  3:38  Overlord  
  43  3:41  Drone x3  
  43  3:42  Hatchery, Queen x2  
  43  3:44  Drone  
  43  3:46  Drone  
  51  3:49  Overlord  
  51  3:58  Drone  
  51  3:59  Drone x2  
  51  4:01  Drone  
  51  4:02  Drone  
  56  4:04  Drone  
  56  4:07  Drone  
  58  4:15  Drone x2  
  60  4:18  Queen x2  
  60  4:21  Overlord  
  64  4:26  Zergling x2  
  64  4:27  Zergling x4  
  64  4:29  Overlord  
  67  4:40  Zergling x4  
  69  4:46  Zergling x2  
  69  4:49  Overlord  
  70  4:53  Zergling x12, Queen  
  70  4:54  Queen  
  70  4:56  Queen  
  82  5:07  Zergling x6  
  82  5:09  Drone  
  82  5:11  Drone, Evolution Chamber x2  
  85  5:15  Drone  
  85  5:16  Drone  
  85  5:17  Drone  
  85  5:18  Drone x2  
  85  5:19  Drone x2  
  85  5:20  Drone  
  93  5:22  Overlord  
  93  5:27  Drone x2  
  95  5:33  Drone  
  97  5:35  Drone  
  97  5:36  Extractor  
  97  5:38  Zerg Melee Weapons Level 1, Zerg Ground Armor Level 1  
  97  5:39  Drone  
  97  5:42  Hatchery  
  96  5:44  Extractor x2  
  96  5:47  Baneling Nest, Overlord  
  93  5:52  Zergling x6  
  93  5:53  Overlord  
  93  5:54  Drone  
  97  5:57  Drone  
  97  5:58  Drone x2  
  97  6:00  Drone x2  
  97  6:03  Queen  
  104  6:04  Spore Crawler  
  104  6:05  Queen  
  104  6:08  Drone  
  104  6:09  Drone  
  107  6:11  Zergling x2  
  107  6:12  Zergling x4  
  107  6:16  Spore Crawler  
  109  6:21  Overlord  
  109  6:23  Drone  
  109  6:24  Drone x3  
  113  6:26  Drone x3  
  113  6:27  Extractor, Drone  
  113  6:29  Overlord  
  116  6:34  Lair  
  116  6:36  Baneling  
  116  6:37  Baneling x6  
  116  6:38  Baneling x4  
  116  6:43  Zergling x8  
  116  6:44  Zergling x2  
  121  6:52  Zergling x12  
  127  6:56  Zergling x8  
  127  7:01  Queen  
  131  7:02  Overlord x2  
  133  7:10  Pneumatized Carapace  
  133  7:12  Baneling x3  
  133  7:13  Baneling x3  
  133  7:14  Zergling x2  
  133  7:15  Zergling x12  
  139  7:21  Zergling x4  
  141  7:25  Drone x2  
  141  7:26  Drone x2  
  141  7:28  Drone x2  
  147  7:31  Drone x2  
  147  7:32  Drone  
  147  7:34  Centrifical Hooks, Hatchery  
  149  7:39  Drone x2  
  149  7:40  Drone x2  
  151  7:46  Zergling x6  
  134  7:52  Drone x5  
  138  7:59  Drone  
  138  8:00  Drone x7  
  138  8:03  Zerg Melee Weapons Level 2  
  146  8:07  Zerg Ground Armor Level 2  
  146  8:12  Extractor  
  145  8:19  Drone x2  
  148  8:20  Drone x6  
  148  8:25  Drone x3  
  148  8:26  Drone  
  154  8:29  Spire  
  154  8:33  Baneling x6  
  153  8:38  Zergling x8  
  153  8:39  Zergling x6  
  153  8:40  Overlord  
  153  8:41  Overlord  
  160  8:43  Overlord  
  160  8:45  Overseer  
  160  8:55  Infestation Pit  
  159  8:57  Zergling x2  
  159  8:58  Zergling x14  
  167  9:10  Hatchery  
  167  9:14  Zergling x2  
  167  9:15  Zergling x24  
  179  9:26  Overlord  
  179  9:27  Overlord  
  179  9:29  Zergling x4  
  179  9:30  Zergling x12  
  187  9:33  Baneling x6  
  187  9:34  Hive, Baneling x2  
  187  9:35  Hatchery  
  186  9:39  Zergling x6  
  186  9:42  Zerg Flyer Weapons Level 1  
  186  9:44  Overlord x2  
  189  9:50  Baneling  
  189  9:56  Baneling x4  
  189  9:57  Baneling  
  163  10:09  Zergling x26  
  163  10:10  Zergling x10  
  178  10:16  Mutalisk  
  180  10:22  Mutalisk x5  
  180  10:26  Baneling x7  
  190  10:33  Zergling x4  
  190  10:34  Zergling x6  
  149  10:39  Zergling x2  
  149  10:40  Zergling x4  
  146  10:46  Zergling x2  
  146  10:47  Zergling x8  
  138  10:53  Zergling x2  
  138  10:54  Zergling x6, Mutalisk  
  141  10:58  Baneling x5  
  141  10:59  Mutalisk x2, Baneling x9  
  141  11:03  Mutalisk x3  
  151  11:05  Zergling x2  
  151  11:09  Zergling x4  
  151  11:10  Ultralisk Cavern  
  153  11:11  Extractor  
  153  11:13  Extractor  
  153  11:14  Zergling x2  
  153  11:15  Zergling x4, Hatchery  
  154  11:18  Zergling x4  
  154  11:21  Zerg Ground Armor Level 3  
  154  11:25  Zergling x8  
  159  11:29  Zergling x2  
  159  11:30  Zergling x2  
  159  11:31  Baneling  
  159  11:32  Baneling x6  
  161  11:43  Extractor  
  161  11:44  Zergling x18  
  161  11:45  Zergling x6  
  167  11:49  Zergling x4  
  167  11:51  Zergling x2, Baneling x11  
  167  11:52  Zergling x4  
  168  11:57  Mutalisk  
  168  11:58  Mutalisk  
  166  12:04  Chitinous Plating  
  166  12:07  Zergling x2  
  166  12:08  Zergling x16  
  167  12:21  Ultralisk  
  167  12:22  Ultralisk  
  175  12:25  Zergling x2  
  175  12:26  Zergling x26  
  175  12:30  Baneling x2  
  175  12:31  Zergling x6, Baneling x5  
  175  12:32  Zergling x8  
  175  12:33  Zergling x2  
  169  12:41  Zergling x2  
  169  12:42  Zergling x20  
  163  12:44  Baneling x5  
  163  12:45  Baneling x6  
  163  12:50  Zergling x10  
  162  12:52  Zergling x2  
  162  12:53  Zergling x2  
  156  13:03  Zerg Melee Weapons Level 3  
  150  13:07  Ultralisk  
  154  13:16  Ultralisk  
  160  13:31  Drone  
  160  13:32  Drone x6  
  167  13:36  Mutalisk x3  
  167  13:38  Hatchery  
  172  13:45  Mutalisk x2  
  172  13:46  Mutalisk  
  178  13:53  Mutalisk x2  
  178  13:55  Overseer  
  182  14:05  Zerg Flyer Weapons Level 2  
  182  14:10  Zergling x18  
  182  14:16  Mutalisk x2  
  195  14:27  Baneling x10  
  195  14:32  Spore Crawler  
  194  14:42  Ultralisk  
  194  14:44  Baneling x7  
  190  14:50  Overseer  
  190  14:52  Zergling x32  
  200  15:23  Overseer  
  200  15:24  Overseer x2  
  200  15:25  Overseer  
  198  15:55  Zergling x4  
  200  16:22  Greater Spire  
  200  16:25  Extractor  
  200  16:28  Baneling x13  
  200  16:29  Baneling x7  
  189  17:08  Zergling x30  
Show
View Real Time Build Order
Export as new Build Order

IIIIIIIIIIl Terran 

Build Orders: Reaper Expand, MMM Bio 

Get SALT Encoding   

  12  0:00  SCV  
  13  0:13  SCV  
  14  0:18  Supply Depot  
  14  0:25  SCV  
  15  0:40  SCV  
  15  0:41  Barracks  
  16  0:45  Refinery  
  16  0:52  SCV  
  17  1:04  SCV  
  18  1:16  SCV  
  19  1:28  Orbital Command, Reaper  
  20  1:43  Command Center  
  20  1:53  Barracks  
  20  1:56  SCV  
  20  2:00  Barracks Reactor  
  21  2:09  SCV  
  21  2:13  Supply Depot  
  22  2:17  Refinery  
  22  2:21  SCV  
  23  2:31  Factory  
  23  2:35  SCV  
  24  2:38  Marine x2  
  26  2:44  Barracks Tech Lab  
  26  2:47  SCV  
  27  2:56  Marine x2  
  27  2:57  Orbital Command  
  29  3:01  SCV  
  29  3:05  Stimpack  
  30  3:09  Marine  
  31  3:22  Marine x2  
  33  3:27  SCV  
  33  3:28  Marine  
  33  3:30  Starport, Factory Reactor  
  35  3:38  SCV  
  35  3:41  SCV  
  36  3:42  Marine x2  
  37  3:50  Marine, SCV  
  37  3:51  Supply Depot  
  37  3:53  SCV  
  40  4:00  Marine  
  40  4:02  SCV  
  42  4:03  Marine  
  42  4:06  SCV  
  42  4:08  Supply Depot  
  44  4:11  Marine  
  44  4:14  SCV  
  44  4:15  Bunker  
  46  4:18  Marine  
  46  4:22  Medivac x2  
  46  4:24  Marine  
  51  4:27  SCV x2  
  54  4:33  Supply Depot, Widow Mine  
  54  4:34  Marine  
  57  4:39  Marine, SCV  
  57  4:44  Supply Depot  
  57  4:45  Marine, SCV  
  60  4:51  SCV  
  62  4:54  Marine  
  62  4:57  Marine  
  64  5:02  Command Center  
  64  5:05  SCV  
  65  5:07  Marine  
  65  5:08  Combat Shields  
  65  5:11  SCV  
  67  5:18  SCV, Engineering Bay  
  67  5:19  Marine, Engineering Bay  
  69  5:22  Marine  
  69  5:23  Factory Reactor  
  69  5:24  Marine  
  69  5:25  SCV  
  72  5:36  Supply Depot  
  72  5:39  Marine, Supply Depot, SCV x2, Refinery  
  75  5:44  Marine  
  75  5:45  Marine  
  77  5:51  SCV  
  78  5:57  Marine  
  78  5:58  SCV  
  78  5:59  Medivac x2  
  78  6:02  Marine x2  
  78  6:03  SCV  
  87  6:05  Terran Infantry Weapons Level 1, Terran Infantry Armor Level 1  
  87  6:15  Orbital Command, Marine  
  87  6:16  Widow Mine x2  
  92  6:20  Marine  
  93  6:26  Marauder  
  93  6:29  SCV  
  93  6:30  SCV  
  93  6:32  Supply Depot x2  
  97  6:33  Marine  
  97  6:38  Marine  
  99  6:43  Orbital Command  
  99  6:47  Marine  
  99  6:50  SCV  
  99  6:51  Barracks, Marine  
  99  6:52  Barracks  
  102  6:56  Marine  
  103  7:02  Supply Depot, Armory  
  103  7:05  Marauder  
  105  7:09  Marine  
  105  7:10  SCV x2  
  105  7:11  Barracks  
  105  7:14  Marine  
  109  7:20  Widow Mine x2  
  113  7:25  SCV  
  113  7:27  Marauder, Marine  
  113  7:28  SCV  
  118  7:30  Refinery  
  118  7:31  Marine  
  118  7:35  SCV  
  120  7:37  Supply Depot  
  120  7:39  Marine x2  
  121  7:44  Marine  
  121  7:47  Marine  
  121  7:49  Marine  
  111  7:57  Marine x2, Widow Mine x2  
  109  8:00  Medivac x2  
  109  8:01  Barracks Reactor  
  109  8:02  Marine  
  109  8:04  Terran Infantry Weapons Level 2, Terran Infantry Armor Level 2  
  109  8:05  Marine  
  114  8:07  Marine  
  116  8:14  Barracks  
  116  8:15  Barracks x2  
  116  8:17  Supply Depot, Barracks Reactor x2  
  116  8:22  SCV x2  
  116  8:23  Marine  
  116  8:24  Marauder  
  116  8:26  Widow Mine x2  
  125  8:29  Supply Depot  
  125  8:32  Marine, Sensor Tower  
  126  8:37  Marine  
  127  8:41  Marine  
  127  8:44  Marine, Medivac x2  
  127  8:46  Concussive Shells  
  127  8:47  Marine  
  134  8:50  Marine  
  134  8:54  Supply Depot x2  
  134  8:55  Marine x2  
  135  8:56  Marine  
  135  8:57  Marine x2  
  135  8:58  Widow Mine  
  135  8:59  Widow Mine  
  144  9:03  Marauder, Missile Turret  
  144  9:04  Barracks Tech Lab x2  
  144  9:05  Barracks Reactor  
  146  9:19  Marine  
  146  9:20  Marine x3  
  146  9:23  Marauder x2, Marine  
  155  9:24  Marauder  
  155  9:26  Widow Mine  
  155  9:27  Marine x2  
  161  9:34  Marine  
  161  9:37  Marine  
  161  9:38  Marine  
  164  9:39  Marine x2  
  164  9:43  Marine, Supply Depot  
  164  9:44  Marine, Marauder x2, Supply Depot  
  164  9:45  Supply Depot  
  172  9:47  Marine  
  173  10:03  Marine x5  
  173  10:04  Marauder, Marine  
  173  10:06  Marauder x2  
  170  10:13  Marine x2  
  168  10:19  Marine x2  
  168  10:20  Marine  
  168  10:21  Marine x3  
  174  10:25  Marauder  
  174  10:27  Marauder x2  
  180  10:32  Marine  
  126  10:37  Marine x5  
  126  10:38  Marine x2, Widow Mine x2  
  137  10:47  Marauder, Marine  
  137  10:49  Marauder x2  
  128  10:52  Medivac x2  
  128  10:53  Marine x2  
  128  10:55  Marine  
  131  10:59  Marine x2  
  133  11:04  Marine x4  
  133  11:08  Marauder  
  133  11:10  Marauder  
  141  11:13  Marauder, Marine x2  
  141  11:16  Marine  
  141  11:17  Widow Mine  
  148  11:19  Widow Mine  
  150  11:30  Marauder, Marine, Terran Infantry Weapons Level 3  
  150  11:31  Marauder  
  155  11:34  Marine  
  155  11:36  Marine x2  
  158  11:40  Marine  
  158  11:41  Marine x5  
  164  11:51  Marauder x2, Marine  
  164  11:52  Marine x2  
  163  11:54  Marine  
  155  12:04  Marine  
  155  12:05  Marine x3  
  155  12:06  Marine  
  154  12:09  Marine x3  
  154  12:10  Marauder  
  150  12:16  Marine  
  147  12:28  Marauder  
  134  12:30  Marine  
  134  12:33  Marauder x2, Marine x3  
  137  12:37  Orbital Command  
  137  12:41  Marine  
  118  12:46  Marine  
  118  12:47  Marine x4  
  118  12:48  Marine  
  118  12:50  Marauder  
  118  12:51  Marine x2  
  128  12:52  Marine  
  128  12:54  Marauder, Marine  
  117  12:59  Marine  
  117  13:04  Marine x2  
  117  13:05  Marine x4  
  103  13:08  Marine x2  
  103  13:10  Marine  
  103  13:11  Marine  
  103  13:12  Marine  
  100  13:15  Marine  
  100  13:17  Marine  
  98  13:22  Marine x2, Widow Mine  
  98  13:23  Marine x4  
  98  13:26  Marine  
  107  13:27  Marine  
  107  13:28  Widow Mine  
  107  13:31  Missile Turret, Medivac  
  112  13:35  Marine x3  
  112  13:36  Marine x2  
  112  13:38  Missile Turret  
  112  13:41  Marine  
  117  13:43  Marine x2  
  117  13:45  Marine  
  117  13:47  Marine x2  
  117  13:48  Marine  
  124  13:50  Marine  
  124  13:51  Widow Mine  
  124  13:52  Marine  
  124  13:53  Marauder  
  124  13:54  Marine x2, Liberator x2  
  124  13:55  Marine  
  133  13:56  Widow Mine  
  133  13:59  Marine  
  133  14:01  Marine x2  
  137  14:03  Marine  
  137  14:10  Marine  
  137  14:11  Marine  
  137  14:13  Marauder x2  
  149  14:19  Marine x3, Ghost Academy  
  149  14:20  Marauder, Marine  
  149  14:21  Marine x2  
  149  14:22  Marine  
  158  14:30  Marine x3  
  161  14:34  Marauder x2  
  161  14:37  Marine x2, Liberator x2  
  167  14:41  Marauder  
  167  14:45  Widow Mine x2  
  161  14:46  Marine  
  161  14:49  Marine  
  160  14:53  Marine x2  
  160  14:54  Marine x4  
  160  14:55  Marine x3  
  160  14:56  Marauder  
  174  15:05  Marine  
  176  15:07  Marine  
  179  15:16  Marine  
  179  15:17  Marauder, Marine x2  
  179  15:19  Ghost x2  
  179  15:21  Marine x3  
  188  15:30  Marine x2  
  188  15:31  Widow Mine x2  
  188  15:35  Supply Depot  
  194  15:39  Starport  
  194  15:40  Fusion Core  
  194  15:42  Missile Turret  
  196  15:51  Missile Turret x3  
  199  15:58  Medivac  
  199  16:03  Marine  
  199  16:04  Liberator  
  196  16:16  Starport Tech Lab  
  196  16:19  Refinery x2  
  196  16:20  Marine  
  196  16:23  Command Center  
  195  16:33  Missile Turret  
  195  16:34  Missile Turret  
  195  16:45  Ghost  
  195  16:46  Ghost  
  199  16:47  Barracks Tech Lab  
Tags
 
Add a new tag
Caveats
  • Supply blocks, unpowered buildings, or Contaminate may cause inaccurate times.
  • Supply counts are checked every 10 seconds.